 Dungeon Crawl Stone Soup version 0.29.1-1-gd02db69 (webtiles) character file.

Game seed: 917467372150782976

4 bonegar the Sneak (level 1, -2/15 HPs)
             Began as a Naga Enchanter on Apr 11, 2023.
             Slain by a jackal (3 damage)
             ... on level 1 of the Dungeon.
             The game lasted 00:02:16 (94 turns).

bonegar the Sneak (Naga Enchanter)                    Turns: 94, Time: 00:02:17

Health: -2/15      AC:  1    Str: 10    XL:     1   Next: 70%
Magic:  3/3        EV: 10    Int: 15    God:
Gold:   0          SH:  0    Dex: 11    Spells: 4/4 levels left

rFire   . . .      SeeInvis +   a - +1 dagger
rCold   . . .      Faith    .   (no shield)
rNeg    . . .      Spirit   .   b - +0 robe
rPois   +          Reflect  .   (no helmet)
rElec   .          Harm     .   (no cloak)
rCorr   .          Rampage  .   (no gloves)
Will    .....                   (no barding)
Stlth   +++.......              (no amulet)
HPRegen 0.05/turn               (no ring)
MPRegen 0.08/turn               (no ring)

@: short of breath, very slow
A: AC +0, large, see invisible, deformed body, poison resistance, slowness 2,
spit poison 1, naga tail 1
a: Spit Poison


You were on level 1 of the Dungeon.
You visited 1 branch of the dungeon, and saw 1 of its levels.

Inventory:

Hand Weapons
 a - a +1 dagger (weapon)
Armour
 b - a +0 robe (worn)
Jewellery
 e - a ring of fire
Potions
 c - a potion of invisibility
 d - a potion of berserk rage {unknown}


   Skills:
 + Level 1.0 Short Blades
 + Level 1.7 Dodging
 + Level 4.6 Stealth
 + Level 2.0 Spellcasting
 + Level 3.1 Hexes


You had 4 spell levels left.
You didn't know any spells.
Your spell library contained the following spells:

 Spells                   Type           Power      Damage    Failure   Level
 Ensorcelled Hibernation  Hex/Ice        12%        N/A       19%         2
 Confusing Touch          Hex            10%        N/A       19%         3
 Tukima's Dance           Hex            10%        N/A       19%         3
 Dazzling Flash           Conj/Hex       12%        N/A       34%         3


Dungeon Overview and Level Annotations

Branches:
Dungeon (1/15)

Altars:


Innate Abilities, Weirdness & Mutations

Your serpentine skin is tough. (AC +0)
You have supernaturally acute eyesight. (SInv)
Armour fits poorly on your strangely shaped body.
Your system is resistant to poisons. (rPois)
You cover ground very slowly.
You can spit poison.
You have a snake-like lower body.


Message History

The jackal barks!
You hit the jackal.
The jackal is moderately wounded.
You hear a shout!
A rat and a goblin come into view.
You flicker for a moment.
The rat moves out of view.
You see here a frilled lizard corpse.
You flicker back into view.
The jackal barks! x2
The jackal barely misses you.
The jackal bites you but does no damage.
You miss the jackal. The jackal barely misses you.
The jackal bites you but does no damage.
The jackal bites you. x2
The jackal bites you but does no damage.
You hit the jackal.
The jackal is heavily wounded.
The jackal bites you but does no damage.
The jackal barely misses you. The jackal closely misses you.
The jackal bites you.
Aiming: Spit Poison (3% risk of failure)
Press: ? - help, Shift-Dir - straight line, f - goblin
Aim: a goblin, wielding a +0 club (43% to hit)
The splash of poison hits the jackal.
The jackal is poisoned.
The jackal is almost dead.
You kill the jackal!
The jackal closely misses you. The jackal bites you.
You open the door. The jackal bites you. The jackal closely misses you.
The goblin closely misses you. The jackal closely misses you.
The jackal bites you. The goblin barely misses you.
The jackal bites you but does no damage.
There is an open door here.
The jackal attacks as you move away! The jackal bites you.
* * * LOW HITPOINT WARNING * * *
The goblin attacks as you move away! The goblin hits you with a +0 club.
* * * LOW HITPOINT WARNING * * *
The jackal bites you.
You die...

#.. #.# ### .
####.###..
.###....#... ###
..........# #..
....#....# #.#
.##....)########.#
..............##.#
....)########.##@#
....## ##†##h####
..### #....hg..#
.########
#........#
.........
+.........#
.########
#....$......#
....#
#######...#..
###.# ##....
###+####### .###


You could see 2 jackals and a goblin.

Vanquished Creatures
  An endoplasm (D:1)
  A goblin (D:1)
  A jackal (D:1)
  A frilled lizard (D:1)
4 creatures vanquished.

Notes
Turn   | Place    | Note
-------+----------+-------------------------------------------
     0 | D:1      | bonegar the Naga Enchanter began the quest for the Orb.
     0 | D:1      | Reached XP level 1. HP: 15/15 MP: 3/3
    94 | D:1      | Slain by a jackal

Illustrated notes

Levels and vault maps discovered:
D:1:      tarquinn_simple_flora_water_e, layout_basic

Action                   || total
-------------------------++-------
Melee: Dagger            ||    11
       Punch             ||     1
 Abil: Spit Poison       ||     1
  Use: Potion            ||     1
 Stab: Invisible         ||     1
       Sleeping          ||     1
Armor: Robe              ||     5
Dodge: Dodged            ||    10
